 Dungeon Crawl Stone Soup version 0.30.1-11-g7821555f0a (webtiles) character file.

Game seed: 1176333264274546950

46739 jfcaron the Severer (level 14, -4/98 HPs)
             Began as a Demonspawn Monk on Nov 4, 2023.
             Was a High Priest of Makhleb.
             Slain by Rupert
             ... wielding a +2 great sword of holy wrath
              (22 damage)
             ... on level 1 of the Lair of Beasts.
             The game lasted 00:36:27 (15772 turns).

jfcaron the Severer (Demonspawn Monk)              Turns: 15772, Time: 00:36:27

Health: -4/98      AC: 16    Str: 20    XL:     14   Next: 6%
Magic:  21/21      EV:  7    Int: 10    God:    Makhleb [*****.]
Gold:   932        SH: 18    Dex: 16    Spells: 11/13 levels left

rFire   + + +        a - +8 broad axe of the Delicate God {flame, rPois rF+ Int-3}
rCold   + . .        b - +0 buckler
rNeg    . . .        D - +0 plate armour
rPois   +            (helmet restricted)
rElec   .            L - scarf "Qonwicie" {rC+ rF+, rCorr Str+5}
rCorr   +            B - +0 pair of gloves
SInv    .            (no boots)
Will    +....        G - amulet of reflection Stlth
                     w - ring of protection from fire
HPRegen 0.36/turn    Q - ring of poison resistance
MPRegen 0.17/turn

%: reflection
@: no status effects
A: antennae 1, large bone plates 3, ignite blood 1, demonic magic 3
a: Renounce Religion, Minor Destruction, Lesser Servant of Makhleb, Major
Destruction, Greater Servant of Makhleb


You were on level 1 of the Lair of Beasts.
You worshipped Makhleb.
Makhleb was extremely pleased with you.
You visited 3 branches of the dungeon, and saw 15 of its levels.

You collected 932 gold pieces.

Inventory:

Hand Weapons
 a - the +8 broad axe of the Delicate God (weapon) {flame, rPois rF+ Int-3}
   (You acquired it on level 5 of the Dungeon)

   Int:       It affects your intelligence (-3).
   rF:        It protects you from fire.
   rPois:     It protects you from poison.
Missiles
 d - 38 poisoned darts
 r - 5 javelins
 y - 12 boomerangs
 A - 111 stones
 E - 2 curare-tipped darts {!f}
 H - 3 throwing nets {!f}
Armour
 b - a +0 buckler (worn)
 B - a +0 pair of gloves (worn)
 D - a +0 plate armour (worn)
 L - the scarf "Qonwicie" (worn) {rC+ rF+, rCorr Str+5}
   (You acquired it on level 5 of the Dungeon)

   Str:       It affects your strength (+5).
   rCorr:     It protects you from acid and corrosion.
Jewellery
 w - a ring of protection from fire (left hand)
   (You found it on level 7 of the Dungeon)
 G - an amulet of reflection (around neck)
   (You found it on level 4 of the Dungeon)
 Q - a ring of poison resistance (right hand)
Wands
 c - a wand of flame (13)
 s - a wand of mindburst (28)
   (You found it on level 5 of the Dungeon)
 F - a wand of roots (7)
 N - a wand of paralysis (3)
Scrolls
 e - a scroll of vulnerability
 f - 2 scrolls of identify
 j - 3 scrolls of enchant armour
 l - 2 scrolls of enchant weapon
 n - 6 scrolls of teleportation
 p - 3 scrolls of fear
 x - 6 scrolls of poison
 I - 2 scrolls of immolation
 O - a scroll of silence
 P - a scroll of amnesia
Potions
 h - 2 potions of magic {unknown}
 i - 6 potions of attraction
 k - 6 potions of haste
 m - 3 potions of brilliance
 o - a potion of flight
 q - 3 potions of might
 t - 7 potions of curing
 u - 2 potions of invisibility {unknown}
 v - a potion of berserk rage {unknown}
 z - 2 potions of resistance {unknown}
 C - 2 potions of lignification {unknown}
 M - a potion of ambrosia


   Skills:
 + Level 5.1 Fighting
 - Level 18.0 Axes
 + Level 10.0 Armour
 + Level 3.1 Dodging
 + Level 5.1 Shields
 + Level 10.1 Invocations


You had 11 spell levels left.
You knew the following spells:

 Your Spells              Type           Power      Damage    Failure   Level
a - Wereblood             Tmut           0%         N/A       100%        2

Your spell library contained the following spells:

 Spells                   Type           Power      Damage    Failure   Level
 Beastly Appendage        Tmut           0%         N/A       100%        1
 Freeze                   Ice            0%         1d3       100%        1
 Magic Dart               Conj           0%         1d3       100%        1
 Call Imp                 Summ           0%         N/A       100%        2
 Dazzling Flash           Conj/Hex       0%         N/A       100%        3
 Frozen Ramparts          Ice            0%         1d1       100%        3
 Hailstorm                Conj/Ice       0%         3d3       100%        3
 Mephitic Cloud           Conj/Pois/Air  0%         N/A       100%        3
 Ozocubu's Armour         Ice            0%         N/A       100%        3
 Spider Form              Tmut/Pois      0%         N/A       100%        3
 Leda's Liquefaction      Hex/Erth       0%         N/A       100%        4
 Passage of Golubria      Tloc           0%         N/A       100%        4
 Agony                    Necr           0%         N/A       100%        5
 Lee's Rapid Deconstruct  Erth           0%         3d4*      100%        5
 Silence                  Hex/Air        0%         N/A       100%        5
 Summon Forest            Summ/Tloc      0%         N/A       100%        5
 Summon Mana Viper        Hex/Summ       0%         N/A       100%        5
 Statue Form              Tmut/Erth      0%         N/A       100%        6
 Summon Cactus Giant      Summ           0%         N/A       100%        6
 Ozocubu's Refrigeration  Ice            0%         4d7       100%        7
 Lehudib's Crystal Spear  Conj/Erth      0%         10d2      100%        8


Dungeon Overview and Level Annotations

Branches:
Dungeon (9/15)             Temple (1/1) D:7            Lair (5/5) D:9
 Shoals (0/4) Lair:3        Snake (0/4) Lair:3        Slime (0/5) Lair:4
    Orc: D:9-12

Altars:
Ashenzari
Cheibriados
Dithmenos
Fedhas
Gozag
Hepliaklqana
Kikubaaqudgha
Makhleb
Nemelex Xobeh
Okawaru
Qazlal
Ru
Sif Muna
Trog
Vehumet
Wu Jian
Xom
Jiyva

Annotations:
D:2 come back with digging
Lair:1 Rupert


Innate Abilities, Weirdness & Mutations

You have a pair of small antennae on your head.
You are completely covered in large bone plates. (SH +8)
Your demonic aura sometimes causes spilled blood to erupt in flames.
Spells you cast and wands you use may paralyse nearby enemies.


Message History

You climb upwards.
There is a stone staircase leading down here.
There is a stone staircase leading up, spattered with blood here.
You climb upwards.
Level annotation: 1 runed translucent door, Rupert
There is a stone staircase leading down here.
Rupert shouts!
There is an open door here.
You sense a monster nearby.
A demon appears!
As you open the door, it creaks loudly! Rupert barely misses your balrug.
You swap places.
Found a human skeleton.
You block Rupert's attack.
There is an open translucent door here.
Your balrug gestures at Rupert.
Rupert is smitten.
You block Rupert's attack.
You slash Rupert! You burn Rupert.
Rupert is moderately wounded.
You hit Rupert. You burn Rupert.
Rupert is moderately wounded.
Rupert hits you with a +2 great sword of holy wrath!
You convulse.
Your balrug closely misses Rupert.
You barely miss Rupert.
Rupert is moderately wounded.
Your balrug barely misses Rupert.
Rupert shouts, "I'm a great and powerful hero!"
Rupert roars madly and goes into a rage!
Rupert goes berserk!
You barely miss Rupert.
Rupert is moderately wounded.
Rupert hits you with a +2 great sword of holy wrath!!
You convulse!!!
* * * LOW HITPOINT WARNING * * *
Your balrug hits Rupert with a +0 demon whip!
Rupert is engulfed in flames!!
You slash Rupert! You burn Rupert.
Rupert is heavily wounded.
Rupert is engulfed in blazing flames.
Rupert hits you with a +2 great sword of holy wrath!!
You die...

.............##
#P...............
###..........P#
#...###.#........
#...........# ##..#
♣#♣#....... #....♣.♣♣.♣♣#
#♣♣# ♣♣♣..... ###.....♣♣♣♣♣
♣♣.P#. #.......♣♣♣♣♣♣ ♣♣♣##
.....♣♣♣.♣♣..###############
....♣♣♣.♣.♣§.#☼)...#..#....#
....♣♣.♣.♣♣§.#.@@○÷#..#...÷#
♣♣##
....♣♣♣.♣♣♣..##2####..#....#
♣... ....♣
♣♣..♣..#.....#..###)## ♣...
....♣♣♣..♣.♣§'.....#..'....#
♣♣..
....♣♣.♣♣♣.§§#.....'..#....#
###
....♣♣..♣♣§§§#.....#..#....#
.....♣♣♣.♣♣§.###############
### ........♣♣♣♣♣♣ ♣#.#
......P.♣ ♣♣♣ ♣♣♣♣♣♣♣♣
♣♣♣..[


You could see Rupert (berserk, ally target) and a friendly balrug (summoned).

Vanquished Creatures
  Gastronok (D:9)
  A fire dragon (Lair:5)
  8 hydras
  10 death yaks (Lair:5)
  Urug (Lair:5)
  3 skysharks
  A lindwurm (Lair:5)
  Pikel (D:3)
  8 black mambas
  2 merfolk sirens (Lair:3)
  Joseph (D:8)
  3 molten gargoyles (Lair:5)
  5 cane toads
  5 rime drakes
  11 komodo dragons
  2 merfolk (Lair:3)
  2 trolls
  3 polar bears
  Prince Ribbit (D:8)
  30 blink frogs
  42 yaks
  6 wyverns
  6 basilisks
  A human (Lair:1)
  2 steam dragons
  Menkaure (D:4)
  Edmund (D:6)
  4 hell hounds (Lair:5)
  11 water moccasins
  2 orc warriors
  2 ice beasts (D:7)
  3 black bears
  4 wolves (Lair:4)
  4 lemures (D:3)
  2 centaurs (D:8)
  A phantom (D:4)
  5 kobold brigands
  16 bullfrogs
  2 scorpions
  A gnoll sergeant (D:9)
  A wight (D:9)
  8 killer bees (D:9)
  9 howler monkeys
  5 lava snakes (Lair:5)
  6 orc priests
  2 hounds
  A gnoll bouda (D:4)
  5 iguanas
  7 orc wizards
  5 hell rats (Lair:5)
  11 gnolls
  7 adders
  3 worms
  A dart slug (D:3)
  28 orcs
  11 bats
  2 endoplasms
  6 giant cockroaches
  11 goblins
  8 hobgoblins
  7 jackals
  23 kobolds
  3 quokkas
  5 ball pythons
  9 frilled lizards
  3 rats
402 creatures vanquished.

Notes
Turn   | Place    | Note
-------+----------+-------------------------------------------
     0 | D:1      | jfcaron the Demonspawn Monk began the quest for the Orb.
     0 | D:1      | Reached XP level 1. HP: 18/18 MP: 1/1
    73 | D:1      | Gained mutation: Spells you cast may paralyse adjacent
                  | enemies. [demonic ancestry]
    73 | D:1      | Reached XP level 2. HP: 21/24 MP: 2/2
   443 | D:1      | Reached skill level 3 in Axes
   445 | D:1      | Reached skill level 1 in Armour
   480 | D:1      | Found a faded altar of an unknown god.
   492 | D:1      | Gained mutation: You are partially covered in large bone
                  | plates. (SH +4) [demonic ancestry]
   492 | D:1      | Reached XP level 3. HP: 29/29 MP: 3/3
   730 | D:2      | Found a radiant altar of Vehumet.
  1381 | D:3      | You fall into a shaft and drop 2 floors!
  1381 | D:5      | Entered Level 5 of the Dungeon
  1391 | D:5      | Found a radiant altar of Vehumet.
  1438 | D:5      | HP: 4/29 [iguana (5)]
  1441 | D:5      | Gained mutation: You are mostly covered in large bone
                  | plates. (SH +6) [demonic ancestry]
  1441 | D:5      | Reached XP level 4. HP: 6/37 MP: 4/4
  1447 | D:5      | Learned a level 2 spell: Wereblood
  1641 | D:4      | Noticed a scorpion
  1642 | D:4      | Noticed a lemure
  1642 | D:4      | Noticed a lemure
  1642 | D:4      | Noticed a lemure
  1642 | D:4      | Noticed a lemure
  1643 | D:4      | Noticed Pikel
  1657 | D:3      | Killed a scorpion
  1658 | D:3      | Reached XP level 5. HP: 38/42 MP: 5/5
  1898 | D:3      | Reached skill level 4 in Axes
  2591 | D:3      | Killed a lemure
  2724 | D:3      | Killed a lemure
  2738 | D:3      | Killed a lemure
  2850 | D:3      | Killed a lemure
  2905 | D:3      | Killed Pikel
  2906 | D:3      | Reached skill level 5 in Fighting
  2906 | D:3      | Reached skill level 5 in Axes
  2906 | D:3      | Gained mutation: You are completely covered in large bone
                  | plates. (SH +8) [demonic ancestry]
  2906 | D:3      | Reached XP level 6. HP: 25/51 MP: 6/6
  2906 | D:3      | Gained mutation: Spells you cast may paralyse nearby
                  | enemies. [demonic ancestry]
  2906 | D:3      | Reached XP level 7. HP: 27/56 MP: 7/7
  3214 | D:4      | Noticed Menkaure
  3223 | D:4      | Killed Menkaure
  3655 | D:4      | Gained mutation: Spells you cast and wands you use may
                  | paralyse nearby enemies. [demonic ancestry]
  3655 | D:4      | Reached XP level 8. HP: 16/62 MP: 8/8
  3661 | D:4      | Reached skill level 6 in Axes
  3921 | D:5      | Identified 2 scrolls of acquirement
  3921 | D:5      | Acquired the +8 broad axe of the Delicate God {flame, rPois
                  | rF+ Int-3}
  3931 | D:5      | Acquired the scarf "Qonwicie" {rC+ rF+, rCorr Str+5}
  4425 | D:5      | Found a sparkling altar of Nemelex Xobeh.
  4466 | D:5      | Found a blossoming altar of Fedhas.
  5071 | D:6      | Found a sacrificial altar of Ru.
  5203 | D:6      | Found a bloodstained altar of Trog.
  5481 | D:6      | Reached skill level 7 in Axes
  5543 | D:6      | Reached skill level 5 in Armour
  5673 | D:6      | Noticed Edmund
  5679 | D:6      | Killed Edmund
  5767 | D:7      | Reached XP level 9. HP: 68/68 MP: 9/9
  6126 | D:7      | Reached skill level 8 in Axes
  6132 | D:7      | Found a staircase to the Ecumenical Temple.
  6292 | Temple   | Entered the Ecumenical Temple
  6456 | Temple   | Became a worshipper of Makhleb the Destroyer
  6456 | Temple   | Reached * piety under Makhleb
  6456 | Temple   | Reached ** piety under Makhleb
  6877 | D:7      | Reached skill level 5 in Shields
  6877 | D:7      | Reached skill level 1 in Invocations
  7106 | D:8      | Noticed Prince Ribbit
  7127 | D:8      | Killed Prince Ribbit
  7180 | D:8      | Noticed a troll
  7181 | D:8      | Noticed Joseph
  7193 | D:8      | Killed a troll
  7194 | D:8      | Reached skill level 9 in Axes
  7199 | D:8      | Killed Joseph
  7266 | D:8      | Found a shimmering blue altar of Sif Muna.
  7321 | D:8      | Gained mutation: Your demonic aura sometimes causes spilled
                  | blood to erupt in flames. [demonic ancestry]
  7321 | D:8      | Reached XP level 10. HP: 27/74 MP: 13/13
  7574 | D:8      | Reached skill level 5 in Invocations
  7580 | D:8      | Reached skill level 10 in Axes
  7593 | D:8      | Found an iron altar of Okawaru.
  7727 | D:8      | Reached *** piety under Makhleb
  8060 | D:9      | Noticed Gastronok
  8083 | D:9      | HP: 9/74 [Gastronok/the air (14)]
  8322 | D:9      | Killed Gastronok
  8323 | D:9      | Reached skill level 11 in Axes
  8423 | D:9      | Found a large runed translucent door.
  8424 | D:9      | Found a large runed translucent door.
  8504 | D:9      | Reached XP level 11. HP: 71/79 MP: 16/16
  8734 | D:9      | Found a staircase to the Lair.
  9033 | D:9      | Found an ancient bone altar of Kikubaaqudgha.
  9036 | D:9      | Found a snail-covered altar of Cheibriados.
  9074 | Lair:1   | Entered Level 1 of the Lair of Beasts
  9129 | Lair:1   | Found a shimmering altar of Xom.
  9205 | Lair:1   | Identified the +1 long sword of the Lame Duck {heavy,
                  | Dex+3}
  9394 | Lair:1   | Identified the +1 ring mail "Cuejiph" {Rampage rC+ Dex+2
                  | Slay+3}
  9436 | Lair:1   | Reached skill level 12 in Axes
  9436 | Lair:1   | Reached **** piety under Makhleb
  9447 | Lair:1   | HP: 9/79 [komodo dragon (21)]
  9873 | Lair:1   | Found a runed translucent door.
  9875 | Lair:1   | Noticed Rupert
  9883 | Lair:1   | Found the +8 Vampire's Tooth {megavamp}
 10226 | Lair:2   | Noticed a seven-headed hydra
 10231 | Lair:2   | Killed a four-headed hydra
 10232 | Lair:2   | Gained mutation: You have a pair of small antennae on your
                  | head. [demonic ancestry]
 10232 | Lair:2   | Reached XP level 12. HP: 59/86 MP: 19/19
 10376 | Lair:2   | Reached skill level 10 in Invocations
 10508 | Lair:2   | Reached skill level 13 in Axes
 11711 | Lair:3   | Found a staircase to the Shoals.
 11769 | Lair:3   | Reached ***** piety under Makhleb
 11972 | Lair:3   | Found a staircase to the Snake Pit.
 12268 | Lair:4   | Found a staircase to the Slime Pits.
 12297 | Lair:4   | Reached skill level 10 in Armour
 12308 | Lair:4   | Identified the +3 leather armour of Syndicalism {Rampage
                  | rPois rF++ rC-}
 12329 | Lair:4   | Reached skill level 14 in Axes
 12758 | Lair:4   | Found a viscous altar of Jiyva.
 12776 | Lair:4   | Noticed an eight-headed hydra
 12784 | Lair:4   | Killed a six-headed hydra
 12785 | Lair:4   | Reached skill level 15 in Axes
 12972 | Lair:4   | Reached XP level 13. HP: 84/91 MP: 20/20
 13380 | Lair:5   | Entered Level 5 of the Lair of Beasts
 13834 | Lair:5   | Reached skill level 16 in Axes
 14299 | Lair:5   | Reached skill level 17 in Axes
 14488 | Lair:5   | Noticed Urug
 14497 | Lair:5   | Killed Urug
 14868 | Lair:5   | Noticed a fire dragon
 15179 | Lair:5   | Reached XP level 14. HP: 89/98 MP: 21/21
 15218 | Lair:5   | Found a large runed translucent door.
 15219 | Lair:5   | Found a large runed translucent door.
 15227 | Lair:5   | HP: 18/98 [six-headed hydra (8)]
 15230 | Lair:5   | HP: 2/98 [six-headed hydra (12)]
 15307 | Lair:5   | Reached skill level 18 in Axes
 15771 | Lair:1   | HP: 18/98 [Rupert/+2 great sword of holy wrath (37)]
 15772 | Lair:1   | Slain by Rupert

Illustrated notes

Levels and vault maps discovered:
D:1:      dpeg_arrival_more_subterranean_lakeside_camping, layout_rooms,
          shapermc_ecumenical_altar_acropolis
D:2:      layout_basic, basic_altar, serial_glass, glass_columns_a,
          glass_columns_a, glass_columns_c, glass_columns_a, glass_columns_a,
          glass_columns_a, glass_columns_a, glass_columns_c,
          due_unseen_surprise, feat_on_display
D:3:      layout_loops_cross, grunt_decor_cap, kennysheep_generic_room_13
D:4:      layout_cave_pools, zin_statuary, nrook_uturn,
          nicolae_concentric_dashed_squares_mild, uniq_pikel, uniq_menkaure
D:5:      layout_basic, nemelex_altar_shiori, mainiacjoe_overflow_boulevard,
          kennysheep_mini, serial_rivers, chequers_serial_rivers_small_b,
          chequers_serial_rivers_small_a, chequers_serial_rivers_room_a,
          chequers_serial_rivers_small_3, chequers_serial_rivers_micro_c,
          lexackson_kobold_supper
D:6:      layout_basic, trog_three_pillars_becter, mainiacjoe_overflow_catwalk,
          chequers_jeans, lightli_orcish_oven, uniq_edmund
D:7:      layout_loops_corners, minmay_temple_entry_statues_fountains
D:8:      layout_rooms, lemuel_tele_altar, tgw_sif, uniq_prince_ribbit1,
          uniq_joseph
D:9:      layout_roguey, jmf_multi_god_temple2, lair_entry_dummy, uniq_gastronok
Temple:   chequers_temple_sunken
Lair:1:   layout_small_grid, basic_altar, st_stairs_11,
          pdpol_lair_cabin_in_the_woods
Lair:2:   layout_chaotic_city, lemuel_fruit_fields
Lair:3:   layout_regular_city, elwin_shoals_entry_stream, dummy_snake_entry
Lair:4:   layout_hall_layers, slime_entry_1, infiniplex_staircase_pool,
          grunt_megastairs_3
Lair:5:   cheibrodos_lair_end_hotspot, layout_regular_city, uniq_urug

Skill      XL: |  1  2  3  4  5  6  7  8  9 10 11 12 13 14 |
---------------+-------------------------------------------+-----
Axes           | 3 5 7 9 11 12 15 17 18 | 18.0
Dodging        | 3 |  3.1
Armour         | 1 2 3 4 5 6 7 9 10 | 10.0
Fighting       | 4 5 |  5.1
Shields        | 2 4 5 |  5.1
Invocations    | 4 7 9 10 | 10.1

Action                     |  1- 3 |  4- 6 |  7- 9 | 10-12 | 13-15 || total
---------------------------+-------+-------+-------+-------+-------++-------
  Melee: Hand axe          |   141 |   160 |       |       |       ||   301
         Dagger            |       |    44 |    94 |       |       ||   138
         Broad axe         |       |       |   150 |   377 |   196 ||   723
  Throw: Stone             |    18 |    11 |       |       |       ||    29
         Boomerang         |       |    35 |   106 |       |       ||   141
         Dart              |       |       |     3 |       |       ||     3
   Cast: Wereblood         |       |       |     1 |       |       ||     1
 Invoke: Minor Destruction |       |       |    29 |   183 |    94 ||   306
         Lesser Servant of |       |       |       |     2 |     4 ||     6
         Major Destruction |       |       |       |       |     1 ||     1
         Greater Servant o |       |       |       |       |     1 ||     1
  Evoke: Wand              |       |       |    10 |       |     1 ||    11
    Use: Potion            |       |     2 |       |     1 |     3 ||     6
         Scroll            |       |       |    17 |     6 |     1 ||    24
   Stab: Distracted        |       |       |       |       |     2 ||     2
 Armour: Robe              |     8 |       |       |       |       ||     8
         Ring mail         |    46 |    17 |       |       |       ||    63
         Scale mail        |       |    50 |    42 |       |       ||    92
         Plate armour      |       |       |    19 |    76 |    58 ||   153
  Dodge: Dodged            |   106 |    66 |    42 |    47 |    31 ||   292
         Repelled          |       |     2 |       |       |       ||     2
  Block: Orb               |    13 |    15 |       |       |       ||    28
         Buckler           |       |    56 |   211 |   255 |   140 ||   662
         Reflection        |       |       |    19 |     8 |     2 ||    29

Table legend: (Time is in decaauts)
 A = Elapsed time spent in this place.
 B = Non-inter-level travel time spent in this place.
 C = Inter-level travel time spent in this place.
 D = Time resting spent in this place.
 E = Time spent auto-exploring this place.
 F = Levels seen in this place.
 G = Mean time per level.
                   A        B        C        D        E       F      G
               +--------+--------+--------+--------+--------+-----+--------+
         Total |  15936 |  14827 |   1109 |   2099 |   9732 |  15 | 1062.4 |
       Dungeon |   9317 |   8561 |    756 |   1166 |   5490 |   9 | 1035.2 |
        Temple |    228 |    218 |     10 |      0 |    206 |   1 |  228.0 |
          Lair |   6390 |   6048 |    342 |    933 |   4035 |   5 | 1278.0 |
               +--------+--------+--------+--------+--------+-----+--------+

Top non-repeatable levels by time:
  Lair:5: 2270 daAuts
     D:3: 1354 daAuts
     D:5: 1297 daAuts
  Lair:1: 1166 daAuts
     D:7: 1159 daAuts
  Lair:4: 1138 daAuts
     D:9: 1098 daAuts
     D:4: 1038 daAuts
     D:8: 1032 daAuts
  Lair:2: 948 daAuts
     D:6: 935 daAuts
  Lair:3: 865 daAuts
     D:2: 728 daAuts
     D:1: 673 daAuts
  Temple: 228 daAuts

Table legend:
 A = Kills in this place as a percentage of kills in the entire game.
 B = Kills by you in this place as a percentage of kills by you in the entire game.
 C = Kills by friends in this place as a percentage of kills by friends in the entire game.
 D = Other kills in this place as a percentage of other kills in the entire game.
 E = Experience gained in this place as a percentage of experience gained in the entire game.
 F = Experience gained in this place divided by the number of levels of this place that you have seen.
                   A       B       C       D       E      F
               +-------+-------+-------+-------+-------+----------------------
         Total | 100.0 | 100.0 | 100.0 |   N/A | 100.0 | 4451.4
       Dungeon |  57.5 |  58.0 |   0.0 |   N/A |  19.2 | 1421.2
          Lair |  42.5 |  42.0 | 100.0 |   N/A |  80.8 | 10796.0
               +-------+-------+-------+-------+-------+----------------------

Levels and vault maps discovered:
D:1:      dpeg_arrival_more_subterranean_lakeside_camping, layout_rooms,
          shapermc_ecumenical_altar_acropolis
D:2:      layout_basic, basic_altar, serial_glass, glass_columns_a,
          glass_columns_a, glass_columns_c, glass_columns_a, glass_columns_a,
          glass_columns_a, glass_columns_a, glass_columns_c,
          due_unseen_surprise, feat_on_display
D:3:      layout_loops_cross, grunt_decor_cap, kennysheep_generic_room_13
D:4:      layout_cave_pools, zin_statuary, nrook_uturn,
          nicolae_concentric_dashed_squares_mild, uniq_pikel, uniq_menkaure
D:5:      layout_basic, nemelex_altar_shiori, mainiacjoe_overflow_boulevard,
          kennysheep_mini, serial_rivers, chequers_serial_rivers_small_b,
          chequers_serial_rivers_small_a, chequers_serial_rivers_room_a,
          chequers_serial_rivers_small_3, chequers_serial_rivers_micro_c,
          lexackson_kobold_supper
D:6:      layout_basic, trog_three_pillars_becter, mainiacjoe_overflow_catwalk,
          chequers_jeans, lightli_orcish_oven, uniq_edmund
D:7:      layout_loops_corners, minmay_temple_entry_statues_fountains
D:8:      layout_rooms, lemuel_tele_altar, tgw_sif, uniq_prince_ribbit1,
          uniq_joseph
D:9:      layout_roguey, jmf_multi_god_temple2, lair_entry_dummy, uniq_gastronok
Temple:   chequers_temple_sunken
Lair:1:   layout_small_grid, basic_altar, st_stairs_11,
          pdpol_lair_cabin_in_the_woods
Lair:2:   layout_chaotic_city, lemuel_fruit_fields
Lair:3:   layout_regular_city, elwin_shoals_entry_stream, dummy_snake_entry
Lair:4:   layout_hall_layers, slime_entry_1, infiniplex_staircase_pool,
          grunt_megastairs_3
Lair:5:   cheibrodos_lair_end_hotspot, layout_regular_city, uniq_urug
